 Dungeon Crawl Stone Soup version 0.15.0-18-g9076a4f (webtiles) character file.

190 MackTheKnife the Ruinous (level 6, 0/41 HPs)
             Began as a Human Conjurer on Sept 7, 2014.
             Was a Follower of Qazlal.
             Succumbed to an orc warrior's poison
             ... on Level 4 of the Dungeon.
             The game lasted 00:11:56 (4832 turns).

MackTheKnife the Ruinous (Human Conjurer)           Turns: 4832, Time: 00:11:56

HP   0/41        AC  3     Str  8      XL: 6   Next:  1%
MP   3/14        EV 12     Int 17      God: Qazlal [*.....]
Gold 106         SH  2     Dex 16      Spells:  3 memorised,  5 levels left

rFire  . . .     SeeInvis .     k - +2 hand axe (chop)
rCold  . . .     Clarity  .     a - +0 robe
rNeg   . . .     rCorr    .     (no shield)
rPois  .         rRot     .     (no helmet)
rElec  .         Spirit   .     (no cloak)
SustAb .         Warding  .     p - +0 pair of gloves
rMut   .         Stasis   .     (no boots)
Gourm  .                        g - amulet of faith {!P}
MR     .....                    (no ring)
                                l - +2 ring of dexterity

@: lethally poisoned, flying, hasted, very quick, not resistant to hostile
enchantments, unstealthy
A: no striking features
a: Renounce Religion


You were on level 4 of the Dungeon.
You worshipped Qazlal.
Qazlal was aware of your devotion.
You were not hungry.

You visited 1 branch of the dungeon, and saw 4 of its levels.

You collected 106 gold pieces.


   Skills:
 - Level 2.0 Dodging
 - Level 2.0 Stealth
 + Level 3.9 Spellcasting
 + Level 5.5 Conjurations


You had 5 spell levels left.
You knew the following spells:

 Your Spells              Type           Power        Failure   Level  Hunger
c - Iskenderun's Mystic   Conj           ###.....     17%         4    ####...
x - Searing Ray           Conj           ###...       2%          2    ##.....
z - Magic Dart            Conj           ###.         1%          1    None

Inventory:

Hand weapons
 k - a +2 hand axe of chopping (weapon)
Armour
 a - a +0 robe (worn)
 p - a +0 pair of gloves (worn)
Comestibles
 b - 3 bread rations
 d - a slice of pizza
 h - a royal jelly
 m - 2 meat rations
 n - a beef jerky
 q - 2 fruits
Scrolls
 e - a scroll of identify
 s - 2 scrolls of remove curse
Jewellery
 f - an uncursed ring of ice
 g - an amulet of faith (around neck) {!P}
 l - a +2 ring of dexterity (left hand)
Potions
 o - 2 potions of magic
 t - a potion of might {unknown}
Books
 c - a book of Conjurations

   Spells                             Type                      Level
   *Magic Dart                        Conjuration                  1
   *Searing Ray                       Conjuration                  2
   Dazzling Spray                     Conjuration/Hexes            3
   Fulminant Prism                    Conjuration/Hexes            4
   *Iskenderun's Mystic Blast         Conjuration                  4
   Iskenderun's Battlesphere          Conjuration/Charms           5

▒ ▒▒▒b ▒
·····▒▒▒▒▒·▒
▒········▒
▒····p▒
▒·▒·▒▒▒ ··
▒▒


You could see a bat.


Message History

Okay, then.
Read which item? (? for menu, Esc to quit)
As you read the scroll of teleportation, it crumbles to dust.
You feel strangely unstable.
* * * LOW HITPOINT WARNING * * *
You feel sick.
The orc warrior hits you with a short sword of venom.
* * * LOW HITPOINT WARNING * * *
You are more poisoned.
* * * LOW HITPOINT WARNING * * *
You feel sick.
* * * LOW HITPOINT WARNING * * *
You feel sick.
The orc wizard gestures at you while chanting.
The magic dart hits you!
* * * LOW HITPOINT WARNING * * *
An orc and an orc wizard come into view.
Your surroundings suddenly seem different.
* * * LOW HITPOINT WARNING * * *
You feel sick.
Unknown command.
Drink which item? (? for menu, Esc to quit)
You feel very buoyant.
You fly up into the air.
It was a potion of flight.
* * * LOW HITPOINT WARNING * * *
You feel sick.
A bat comes into view.
Drink which item? (? for menu, Esc to quit)
You feel yourself speed up.
It was a potion of haste.
You die...

Action                   |  1- 3 |  4- 6 || total
-------------------------+-------+-------++-------
Melee: Unarmed           |    35 |       ||    35
       Dagger            |    39 |       ||    39
       Hand axe          |     6 |    33 ||    39
 Cast: Magic Dart        |    63 |    68 ||   131
       Searing Ray       |       |    13 ||    13
  Use: Scroll            |     8 |     5 ||    13
       Potion            |       |     4 ||     4
 Stab: Sleeping          |     1 |       ||     1
  Eat: Chunk             |     6 |     2 ||     8
       Fruit             |     1 |       ||     1
       Bread ration      |       |     1 ||     1

Vault maps used:
D:1:      minmay_arrival_plants_in_alcoves
D:2:      grunt_qazlal_clouds, yredelemnul_altar_generic
D:3:      lemuel_coloured_pillars_altar, nicolae_overflow_hidden_temple,
          minitemple, serial_glass, glass_columns_a, glass_columns_a,
          glass_columns_a, glass_columns_a, glass_columns_b, glass_columns_b,
          glass_columns_a, glass_columns_c
D:4:      led_sif_pool, tso_metal_star, minmay_temple_entry_glassed_door,
          grunt_decor_arrowhead, uniq_edmund, uniq_blork_the_orc, uniq_purgy,
          uniq_pikel

Notes
Turn   | Place    | Note
--------------------------------------------------------------
     0 | D:1      | MackTheKnife, the Human Conjurer, began the quest for the Orb.
     0 | D:1      | Reached XP level 1. HP: 13/13 MP: 3/3
   404 | D:1      | Reached XP level 2. HP: 7/19 MP: 0/4
   608 | D:1      | Learned a level 2 spell: Searing Ray
  1503 | D:2      | Found a stormy altar of Qazlal.
  1509 | D:2      | Became a worshipper of Qazlal Stormbringer
  1524 | D:2      | Reached XP level 3. HP: 24/24 MP: 2/6
  1702 | D:2      | Found a basalt altar of Yredelemnul.
  2593 | D:3      | Reached skill level 3 in Spellcasting
  2659 | D:3      | Reached XP level 4. HP: 26/30 MP: 3/9
  2721 | D:3      | Acquired Qazlal's first power
  3068 | D:3      | Found a sparkling altar of Nemelex Xobeh.
  3076 | D:3      | Found a shadowy altar of Dithmenos.
  3079 | D:3      | Found an iron altar of Okawaru.
  3222 | D:3      | Reached skill level 5 in Conjurations
  3306 | D:3      | Reached XP level 5. HP: 30/35 MP: 7/11
  3442 | D:3      | Found an ancient bone altar of Kikubaaqudgha.
  3583 | D:3      | Found a bloodstained altar of Trog.
  3732 | D:4      | Noticed a slave
  3732 | D:4      | Noticed a slave
  3750 | D:3      | Learned a level 4 spell: Iskenderun's Mystic Blast
  3810 | D:4      | Noticed Blork the orc
  4142 | D:4      | Noticed a slave
  4346 | D:4      | Noticed a slave
  4357 | D:4      | Killed a slave
  4751 | D:4      | Reached XP level 6. HP: 41/41 MP: 11/14
  4779 | D:4      | Noticed an orc warrior
  4829 | D:4      | HP: 4/41 [orc wizard/magic dart (7)]
  4831 | D:4      | HP: 1/41 [poisoned by an orc warrior]
  4832 | D:4      | Succumbed to an orc warrior's poison

Vanquished Creatures
  A slave (D:4)
  A crimson imp (D:4)
  A worker ant (D:4)
  4 adders (D:3)
  An inept item mimic (D:3)
  A giant mite (D:2)
  2 worms
  2 giant geckos
  An ooze (D:2)
  2 orcs
  2 ball pythons (D:3)
  7 bats
  3 giant cockroaches
  10 hobgoblins
  9 jackals
  4 giant newts
  7 goblins
  4 kobolds
  5 rats
67 creatures vanquished.
